 Dungeon Crawl Stone Soup version 0.29.1-1-gd02db6906a (webtiles) character file.

Game seed: 17230794629871486714

18272 JohnEldenRing the Fighter (level 12, -8/72 HPs)
             Began as a Gargoyle Berserker on Sept 28, 2022.
             Was a Priest of Trog.
             Mangled by Frances
             ... wielding a +0 trident
              (17 damage)
             ... on level 13 of the Dungeon on Sept 29, 2022.
             The game lasted 01:18:52 (11675 turns).

JohnEldenRing the Fighter (Gargoyle Berserker)     Turns: 11675, Time: 01:18:53

Health: -8/72      AC: 24    Str: 28    XL:     12   Next: 56%
Magic:  13/21      EV: 10    Int:  8    God:    Trog [***...]
Gold:   510        SH: 12    Dex:  9    Spells: 11/11 levels left

rFire   . . .      SeeInvis .   F - +6 morningstar
rCold   + + .      Faith    .   C - +2 kite shield
rNeg    + + .      Spirit   .   j - +3 ring mail "Esaa" {Fly MP+9 Str+2}
rPois   ∞          Reflect  .   (no helmet)
rElec   +          Harm     .   s - +0 cloak
rCorr   .          Rampage  .   G - +2 pair of gloves
Will    ++...                   (no boots)
Stlth   ..........              I - amulet of regeneration
HPRegen 2.02/turn               z - ring "Dyachajer" {Fly rC++ rN+}
MPRegen 0.17/turn               (no ring)

@: mighty, silenced, strong-willed (expiring), on berserk cooldown, flying,
regenerating (expiring), slowed, studying Ice Magic, very slow
A: sickness immunity, AC +8, negative energy resistance 1, electricity
resistance, torment resistance 1, petrification resistance, frail 1, MP-powered
wands
a: Renounce Religion


You were on level 13 of the Dungeon.
You worshipped Trog.
Trog was most pleased with you.
You visited 1 branch of the dungeon, and saw 13 of its levels.
You also visited: Bailey and Ice Cave.

You collected 771 gold pieces.
You spent 261 gold pieces at shops.

Inventory:

Hand Weapons
 k - the +7 quarterstaff of Eternal Vigilance {elec, rPois Will+++ rCorr Stlth-}
   (You bought it in a shop on level 1 of the Dungeon)

   It occasionally discharges a powerful burst of electricity upon striking a
   foe.
   rPois:     It protects you from poison.
   rCorr:     It protects you from acid and corrosion.
   Will:      It greatly increases your willpower.
   Stlth:     It makes you less stealthy.
 F - a +6 morningstar (weapon)
 J - a +5 hand axe of freezing
 K - a +3 battleaxe
Missiles
 d - 16 boomerangs (quivered)
 f - a throwing net
 l - 39 poisoned darts
 D - 4 datura-tipped darts
Armour
 b - a +0 kite shield of cold resistance
 g - a +2 chain mail of cold resistance
 j - the +3 ring mail "Esaa" (worn) {Fly MP+9 Str+2}
   (You found it on level 3 of the Dungeon)

   Str:       It affects your strength (+2).
   MP:        It affects your magic capacity (+9).
   Fly:       It grants you flight.
 s - a +0 cloak (worn)
 u - a +2 leather armour of fire resistance
 C - a +2 kite shield (worn)
 G - a +2 pair of gloves (worn)
Jewellery
 z - the ring "Dyachajer" (left hand) {Fly rC++ rN+}
   (You found it in a bailey)

   [ring of flight]

   rC:        It greatly protects you from cold.
   rN:        It protects you from negative energy.
   Fly:       It grants you flight.
 I - an amulet of regeneration (around neck)
Wands
 q - a wand of flame (7)
 v - a wand of paralysis (9)
 w - a wand of polymorph (4)
 A - a wand of mindburst (13)
Scrolls
 c - a scroll of identify
 h - a scroll of butterflies
 m - 12 scrolls of teleportation
 o - a scroll of magic mapping
 r - 2 scrolls of fear
 y - 4 scrolls of immolation
Potions
 a - a potion of invisibility
 i - 2 potions of magic
 p - a potion of might
 x - 4 potions of curing
 B - 2 potions of cancellation
 H - 2 potions of heal wounds


   Skills:
 + Level 11.1 Fighting
 - Level 7.4(7.8) Maces & Flails
 - Level 3.4(5.8) Staves
 - Level 3.9 Ranged Weapons
 - Level 7.5 Throwing
 - Level 10.3 Armour
 - Level 1.5 Dodging
 - Level 3.2 Stealth
 - Level 10.4 Shields


You had 11 spell levels left.
You didn't know any spells.
Your spell library was empty.

Dungeon Overview and Level Annotations

Branches:
Dungeon (14/15)            Temple (0/1) D:6            Lair (0/5) D:11
    Orc (0/2) D:11         Bailey (visited)           IceCv (visited)
 Vaults: D:13-14

Altars:
Ashenzari
Cheibriados
Dithmenos
Gozag
Makhleb
Okawaru
Qazlal
Sif Muna
Uskayaw
Vehumet
Wu Jian
Xom
Yredelemnul
Zin
The Shining One

Shops:
D:1 (   D:9 *

Annotations:
D:13 Frances


Innate Abilities, Weirdness & Mutations

You are immune to sickness and miasma.
Your stone body is resilient. (AC +8)
You are immune to poison.
You resist negative energy. (rN+)
You are resistant to electric shocks. (rElec)
You are resistant to unholy torment.
You are immune to petrification.
You are frail. (-10% HP)
You expend magic power (3 MP) to strengthen your wands.


Message History

Frances takes a defensive stance.
Frances closely misses you. Frances hits you with a +0 trident.
The hellwing swoops through the air toward you!
You block the hellwing's attack. x2
You barely miss Frances.
Frances is lightly wounded.
The neqoxec disappears in a puff of smoke!
Frances barely misses you. Frances hits you with a +0 trident!
The hellwing hits you. The hellwing misses you.
Frances hits you but does no damage.
The hellwing hits you but does no damage.
You block the hellwing's attack.
You closely miss Frances.
Frances is lightly wounded.
Frances hits you but does no damage.
A large slime creature splits.
Frances hits you but does no damage. You block the hellwing's attack.
The hellwing hits you but does no damage.
Frances hits you with a +0 trident!
Unknown command.
As you read the scroll of fear, it crumbles to dust.
You assume a fearsome visage.
Frances resists with almost no effort.
The hellwing resists with almost no effort.
The hellwing looks frightened!
The slime creature looks frightened! x2
Frances barely misses you. Frances closely misses you.
The hellwing swoops through the air toward you!
The hellwing hits you! You block the hellwing's attack.
As you read the scroll of silence, it crumbles to dust.
A profound silence engulfs you.
You feel the effects of Trog's Hand fading.
Frances hits you with a +0 trident!
* * * LOW HITPOINT WARNING * * *
The hellwing hits you but does no damage.
You block the hellwing's attack. Frances hits you with a +0 trident!
* * * LOW HITPOINT WARNING * * *
Magic scrolls do not work when you're silenced!
You puncture Frances!
Frances is lightly wounded.
The hellwing disappears in a puff of smoke!
Frances hits you with a +0 trident!
You die...

.....#####.....
#............
#............ #..)>)#
#..)).# #.....#
#.....#
####.....########.#
.........§..4@@J..#
....###########......
.... ..... ##.. .J..
J.. .. .


You could see Frances (fast), 3 slime creatures and a hellwing (summoned).

Vanquished Creatures
  A boulder beetle (D:14)
  A two-headed ogre (D:11)
  A bog body (IceCv)
  A necromancer (IceCv)
  3 cyclopes
  2 ice statues (IceCv)
  4 ice devils (IceCv)
  4 anaconda simulacra (IceCv)
  3 slime creatures
  2 hornets
  A shadow (D:9)
  2 vampires (D:10)
  2 dire elephant simulacra (IceCv)
  9 yaks
  A wyvern (D:10)
  2 steam dragons
  An acid dragon (D:10)
  3 harpy simulacra (IceCv)
  Edmund (D:5)
  A hydra simulacrum (IceCv)
  7 orc warriors
  2 sky beasts
  2 ogres
  4 black bears
  2 centaurs (D:10)
  2 phantoms
  8 kobold brigands
  2 bullfrogs
  2 scorpions
  4 necrophages
  A gnoll sergeant (D:9)
  12 wights
  4 killer bees (D:9)
  2 howler monkeys
  4 hounds
  A gnoll bouda (D:5)
  3 orc priests
  9 centaur zombies (D:10)
  5 iguanas
  6 orc wizards
  A spriggan simulacrum (IceCv)
  A polar bear simulacrum (IceCv)
  A wolf simulacrum (IceCv)
  A howler monkey zombie (D:10)
  15 gnolls
  A naga simulacrum (IceCv)
  8 adders
  2 shadow imps
  A white imp (D:5)
  3 ufetubi
  A worm (D:2)
  4 dart slugs
  24 orcs
  9 bats
  8 endoplasms
  4 giant cockroaches
  9 hobgoblins
  20 kobolds
  7 quokkas
  9 ball pythons
  4 frilled lizards
  8 goblins
  4 rats
272 creatures vanquished.

Vanquished Creatures (collateral kills)
  A two-headed ogre (D:10)
  A deep elf pyromancer (D:10)
  A yak (D:10)
3 creatures vanquished.

Vanquished Creatures (others)
  38 plants
38 creatures vanquished.

Grand Total: 313 creatures vanquished

Notes
Turn   | Place    | Note
-------+----------+-------------------------------------------
     0 | D:1      | JohnEldenRing the Gargoyle Berserker began the quest for
                  | the Orb.
     0 | D:1      | Reached XP level 1. HP: 14/14 MP: 1/1
   237 | D:1      | Reached XP level 2. HP: 19/19 MP: 2/2
   462 | D:1      | Found a faded altar of an unknown god.
   566 | D:1      | Reached XP level 3. HP: 4/24 MP: 3/3
   567 | D:1      | Reached skill level 4 in Fighting
  1166 | D:1      | Found Biwec's Antique Weapon Boutique.
  1293 | D:2      | Reached ** piety under Trog
  1397 | D:2      | Reached XP level 4. HP: 17/30 MP: 4/4
  1436 | D:2      | Found a burning altar of Makhleb.
  2084 | D:2      | Found a shimmering blue altar of Sif Muna.
  2192 | D:2      | Reached XP level 5. HP: 34/34 MP: 5/5
  2449 | D:2      | You fall into a shaft and drop 1 floor!
  2567 | D:3      | Found a shadowy altar of Dithmenos.
  2584 | D:3      | Identified the +3 ring mail "Esaa" {Fly MP+9 Str+2}
  2757 | D:4      | Reached skill level 5 in Fighting
  2936 | D:4      | Noticed a sky beast
  2959 | D:4      | Killed a sky beast
  2960 | D:4      | Reached XP level 6. HP: 41/41 MP: 6/6
  3043 | D:5      | Entered Level 5 of the Dungeon
  3047 | D:5      | Found an opulent altar of Gozag.
  3047 | D:5      | Noticed Edmund
  3069 | D:5      | Killed Edmund
  3070 | D:5      | Reached skill level 6 in Fighting
  3124 | D:5      | Reached XP level 7. HP: 40/47 MP: 7/7
  3144 | D:5      | Reached skill level 5 in Armour
  3251 | D:5      | Reached skill level 7 in Fighting
  3624 | D:7      | Reached skill level 5 in Maces & Flails
  3625 | D:7      | Reached XP level 8. HP: 46/53 MP: 8/8
  3691 | D:7      | Reached *** piety under Trog
  3693 | D:7      | Noticed a hornet
  3700 | D:7      | Killed a hornet
  3780 | D:7      | Found a flagged portal.
  3812 | Bailey   | Entered a bailey
  4010 | Bailey   | Identified the ring "Dyachajer" {Fly rC++ rN+}
  4016 | Bailey   | Identified the +0 chain mail of Coes Iff {rElec}
  4037 | Bailey   | Reached XP level 9. HP: 57/57 MP: 9/9
  4058 | Bailey   | Found an iron altar of Okawaru.
  4067 | Bailey   | Identified the +0 sling of Royalism {speed, rC+}
  4793 | D:3      | Found a snail-covered altar of Cheibriados.
  5134 | D:4      | Found a shimmering altar of Xom.
  5335 | D:4      | Found an ornate altar of the Wu Jian Council.
  5978 | D:5      | Found an iron altar of Okawaru.
  5979 | D:5      | Found a stormy altar of Qazlal.
  6090 | D:5      | Reached skill level 1 in Ranged Weapons
  6131 | D:5      | Found a broken altar of Ashenzari.
  6221 | D:5      | You are sucked into a shaft and drop 1 floor!
  6261 | D:6      | Found a staircase to the Ecumenical Temple.
  6340 | D:6      | Reached skill level 10 in Armour
  6978 | D:7      | Found a radiant altar of Vehumet.
  7037 | D:7      | Reached skill level 1 in Stealth
  7139 | D:7      | Reached skill level 1 in Throwing
  7139 | D:7      | Reached XP level 10. HP: 29/63 MP: 10/10
  7442 | D:1      | Bought a warped quarterstaff for 261 gold pieces
  7442 | D:1      | Identified the +7 quarterstaff of Eternal Vigilance {elec,
                  | rPois Will+++ rCorr Stlth-} (You bought it in a shop on
                  | level 1 of the Dungeon)
  7685 | D:7      | Reached skill level 1 in Staves
  8189 | D:8      | Gained mutation: You expend magic power (3 MP) to
                  | strengthen your wands. [potion of mutation]
  8189 | D:8      | Gained mutation: You are frail. (-10% HP) [potion of
                  | mutation]
  9542 | D:9      | Reached **** piety under Trog
  9574 | D:9      | Found Zin's Purification Station.
  9584 | D:9      | Found a glowing silver altar of Zin.
  9687 | D:9      | Reached skill level 5 in Throwing
  9745 | D:9      | Found a hide-covered altar of Uskayaw.
  9777 | D:9      | Found a glowing golden altar of the Shining One.
  9851 | D:10     | Entered Level 10 of the Dungeon
  9865 | D:10     | Reached skill level 1 in Shields
  9906 | D:10     | Noticed a two-headed ogre
  9910 | D:10     | Noticed a deep elf pyromancer
 10010 | D:10     | Reached XP level 11. HP: 51/60 MP: 11/11
 10071 | D:10     | Found a basalt altar of Yredelemnul.
 10091 | D:10     | Reached skill level 5 in Shields
 10267 | D:10     | Noticed a cyclops
 10271 | D:10     | Killed a two-headed ogre
 10273 | D:10     | Killed a cyclops
 10289 | D:10     | Killed a deep elf pyromancer
 10701 | D:11     | Found a frozen archway.
 10701 | D:11     | Noticed a two-headed ogre
 10711 | D:11     | Killed a two-headed ogre
 10765 | IceCv    | Entered an ice cave
 10864 | IceCv    | Reached skill level 10 in Shields
 10954 | IceCv    | Reached XP level 12. HP: 30/64 MP: 12/12
 11050 | IceCv    | Reached skill level 8 in Fighting
 11183 | IceCv    | Reached skill level 9 in Fighting
 11481 | D:11     | Reached skill level 10 in Fighting
 11502 | D:11     | You are sucked into a shaft and drop 3 floors!
 11522 | D:14     | Noticed a boulder beetle
 11538 | D:14     | Killed a boulder beetle
 11649 | D:13     | Noticed Frances
 11667 | D:13     | Reached skill level 11 in Fighting
 11675 | D:13     | Mangled by Frances

Illustrated notes

Levels and vault maps discovered:
D:1:      erik_arrival_triangle_large, layout_loops_ring, serial_shops,
          nicolae_shop_window_shopping, chequers_ecumenical_altar_simple_redux,
          minmay_tromino_mix6
D:2:      wad_woods_stonehenge, layout_loops_cross, basic_altar
D:3:      layout_loops_ring, mainiacjoe_overflow_catch_the_wave,
          reono_crystal_passage, kennysheep_cross_room
D:4:      layout_loops_corners, mainiacjoe_overflow_surrounded_room,
          nicolae_wu_jian_glorious_leap, eino_small_chamber_without_monster
D:5:      layout_cave_pools, kennysheep_mini, nicolae_overflow_squiral,
          grunt_gozag_statues, dk_noncrumbling_3, uniq_edmund
D:6:      layout_basic, minmay_temple_entry_junction
D:7:      layout_basic, fiery_altar_vehumet, enter_bailey_2
D:8:      layout_basic
D:9:      layout_rooms, mainiacjoe_overflow_concentric_impassable,
          overflow_temple_1_default, zin_purify, uniq_pikel
D:10:     layout_rooms, nicolae_yredelemnul_corpse_copse, minmay_bent
D:11:     layout_roguey [special_room_orc], lair_entry_dummy, orc_0_dummy,
          portal_ice_cave_entry_pillars_1
D:13:     minmay_wizard_corner, layout_irregular_city,
          grunt_vaults_entry_fortified, nicolae_trove_entry_columns,
          chequers_garden, uniq_frances
D:14:     kennysheep_cluttered_fort, layout_irregular_city,
          chequers_serial_rivers_micro_c

Skill      XL: |  1  2  3  4  5  6  7  8  9 10 11 12 |
---------------+-------------------------------------+-----
Fighting       | 4 5 6 7 11 | 11.1
Maces & Flails | 4 5 7 |  7.4
Armour         | 3 4 5 7 10 | 10.3
Ranged Weapons | 3 |  3.9
Stealth        | 3 |  3.2
Throwing       | 1 6 7 |  7.5
Staves         | 3 |  3.4
Shields        | 3 10 | 10.4
Dodging        | |  1.5

Action                   |  1- 3 |  4- 6 |  7- 9 | 10-12 || total
-------------------------+-------+-------+-------+-------++-------
Melee: Mace              |    41 |    96 |       |       ||   137
       Punch             |     1 |     2 |     1 |     4 ||     8
       Dagger            |    44 |    21 |       |       ||    65
       Flail             |       |    37 |    44 |       ||    81
       Quarterstaff      |       |       |   129 |    99 ||   228
       Morningstar       |       |       |    71 |   361 ||   432
 Fire: Sling             |       |       |     6 |       ||     6
Throw: Boomerang         |     8 |    13 |     6 |    88 ||   115
       Dart              |       |       |    11 |       ||    11
Invok: Berserk           |       |     4 |     6 |    13 ||    23
       Trog's Hand       |       |     1 |     2 |     6 ||     9
       Brothers in Arms  |       |       |       |     1 ||     1
Evoke: Wand              |       |       |     5 |     5 ||    10
  Use: Potion            |     1 |     5 |     1 |     2 ||     9
       Scroll            |       |     4 |     5 |    26 ||    35
Armor: Animal skin       |    30 |     8 |       |       ||    38
       Ring mail         |       |    71 |   173 |   372 ||   616
       Skin              |       |     1 |       |       ||     1
Dodge: Dodged            |    59 |   109 |   197 |   267 ||   632
Block: Kite shield       |       |       |       |   144 ||   144
